 Dungeon Crawl Stone Soup version 0.23.2 (webtiles) character file.

Game seed: 16428668992822758486

170 Marnok the Charlatan (level 5, -6/40 HPs)
             Began as a Demigod Artificer on Apr 4, 2019.
             Killed from afar by an orc wizard (8 damage)
             ... with a puff of flame
             ... on level 3 of the Dungeon.
             The game lasted 00:09:23 (2656 turns).

Marnok the Charlatan (Demigod Artificer)            Turns: 2656, Time: 00:09:24

Health: -6/40      AC: 10    Str: 15    XL:     5   Next: 5%
Magic:  0/10       EV: 13    Int: 17    God:
Gold:   113        SH:  0    Dex: 16    Spells: 4/4 levels left

rFire    . . .     SeeInvis .   i - +3 dagger (protect)
rCold    . . .     Gourm    .   (no shield)
rNeg     . . .     Faith    .   b - +0 leather armour
rPois    .         Spirit   +   (no helmet)
rElec    .         Reflect  .   g - scarf {Spirit}
rCorr    .         Harm     .   (no gloves)
MR       .....                  (no boots)
Stlth    ++........             (no amulet)
HPRegen  0.13/turn              k - ring of flight
MPRegen  0.12/turn              (no ring)

@: confused, protection aura, flying (expiring), hasted, very quick
A: camouflage 1, high mp 1, screaming 1
a: no special abilities


You were on level 3 of the Dungeon.
You were not hungry.

You visited 1 branch of the dungeon, and saw 4 of its levels.

You collected 113 gold pieces.

Inventory:

Hand Weapons
 a - a +0 short sword
 i - a +3 dagger of protection (weapon)
 n - a +1 mace of venom
 u - a +0 spear of venom
Missiles
 m - 3 tomahawks of returning (quivered)
Armour
 b - a +0 leather armour (worn)
 g - a scarf of spirit shield (worn)
Jewellery
 k - a ring of flight (left hand)
Wands
 c - a wand of flame (15)
 d - a wand of enslavement (15)
 e - a wand of random effects (15)
Scrolls
 j - a scroll of remove curse
 t - 2 scrolls of identify
Potions
 o - 2 potions of lignification
 r - a potion of agility
Comestibles
 f - 7 rations


   Skills:
 + Level 1.2 Fighting
 + Level 2.1 Short Blades
 + Level 1.4 Armour
 + Level 2.8 Dodging
 + Level 1.8 Stealth
 + Level 3.6 Evocations


You had 4 spell levels left.
You didn't know any spells.
Your spell library was empty.

Dungeon Overview and Level Annotations

Branches:
Dungeon (4/15)
 Temple: D:4-7


Innate Abilities, Weirdness & Mutations

You have an increased reservoir of magic. (+10% MP)
Your skin changes colour to match your surroundings (Stealth+).
You occasionally shout uncontrollably at your foes.


Message History

You miss something. Something hits you.
* * * LOW HITPOINT WARNING * * *
Things that are here:
a +0 whip; an orc corpse Something completely misses you.
There is a stone staircase leading down here.
You completely miss something.
You are starting to lose your buoyancy.
You hear some strange, mumbled words.
You are more confused.
You barely miss something. You hit something.
Your weapon exudes an aura of protection.
Something hits you but does no damage.
You completely miss something.
You hear some strange, mumbled words.
A puff of flame appears from out of thin air!
The puff of flame hits you!
You die...

#..#..## #...##.........
#..#..####...##.........
#............##.##.###..
##.#..........<.##.# #..
#......#.#####.##.###..
###......................
#.....##...########.###..
#.##....(........##.###..
#.....##@>...............
####..#.){...#......###..
#..#...>#.#.......##..
######.......#.##.####.####
#.........#..#.##.####....#
#.###.....#..#.##....#....#
#.# #...#....#....#.##.....
#.#######.##.####.#.###...#
#.........##.#....#.# #...#


There were no monsters in sight!

Vanquished Creatures
  Jessica (D:2)
  2 orc wizards
  3 adders (D:2)
  An ooze (D:2)
  5 orcs (D:3)
  2 ball pythons
  6 bats
  8 giant cockroaches
  6 goblins
  A hobgoblin (D:1)
  4 jackals
  5 kobolds
  A quokka (D:2)
  2 frilled lizards (D:2)
  6 rats
53 creatures vanquished.

Notes
Turn   | Place    | Note
-------+----------+-------------------------------------------
     0 | D:1      | Marnok the Demigod Artificer began the quest for the Orb.
     0 | D:1      | Reached XP level 1. HP: 15/15 MP: 5/5
   425 | D:1      | Reached skill level 3 in Evocations
   441 | D:1      | Reached XP level 2. HP: 19/22 MP: 6/6
   709 | D:1      | Reached skill level 1 in Short Blades
  1086 | D:2      | Reached skill level 1 in Stealth
  1094 | D:2      | Reached XP level 3. HP: 25/27 MP: 5/8
  1174 | D:2      | Noticed Jessica
  1194 | D:2      | Killed Jessica
  1194 | D:2      | Reached skill level 1 in Fighting
  1577 | D:2      | Reached XP level 4. HP: 35/35 MP: 9/9
  1910 | D:3      | Found an opulent altar of Gozag.
  1912 | D:3      | Found a hazy altar of Hepliaklqana.
  1915 | D:3      | Found a sparkling altar of Nemelex Xobeh.
  1916 | D:3      | Found an ancient bone altar of Kikubaaqudgha.
  1916 | D:3      | Found a shattered altar of Ashenzari.
  1916 | D:3      | Found a radiant altar of Vehumet.
  1917 | D:3      | Found a bloodstained altar of Trog.
  1918 | D:3      | Found a sacrificial altar of Ru.
  1919 | D:3      | Found an iron altar of Okawaru.
  1920 | D:3      | Found a snail-covered altar of Cheibriados.
  1921 | D:3      | Found a basalt altar of Yredelemnul.
  2038 | D:3      | Reached skill level 1 in Armour
  2373 | D:3      | Noticed a +0 hand axe
  2374 | D:3      | Found a hide-covered altar of Uskayaw.
  2374 | D:3      | Noticed a +0 hand axe
  2622 | D:4      | Gained mutation: You occasionally shout uncontrollably at
                  | your foes. [potion of mutation]
  2622 | D:4      | Gained mutation: Your skin changes colour to match your
                  | surroundings (Stealth+). [potion of mutation]
  2633 | D:4      | Reached XP level 5. HP: 13/40 MP: 4/10
  2650 | D:3      | HP: 1/40 [something (2)]
  2656 | D:3      | Killed from afar by an orc wizard

Skill      XL: |  1  2  3  4 |
---------------+-------------+-----
Dodging        | 2 |  2.8
Evocations     | 3 |  3.6
Short Blades   | 1 2 |  2.1
Stealth        | 1 |  1.8
Fighting       | 1 |  1.2
Armour         | 1 |  1.4

Action                   |  1- 3 |  4- 6 || total
-------------------------+-------+-------++-------
Melee: Dagger            |   123 |    84 ||   207
  Use: Scroll            |     6 |     5 ||    11
       Potion            |       |     5 ||     5
 Stab: Sleeping          |     4 |     2 ||     6
  Eat: Chunk             |     2 |     2 ||     4
       Ration            |       |     1 ||     1
Armor: Leather armour    |    48 |    46 ||    94
Dodge: Dodged            |    83 |    64 ||   147
